 Dungeon Crawl Stone Soup version 0.30-a0-1066-g63dfefce0d (webtiles) character file.

Game seed: 11610516095346180510

181 Ihaveafatcat the Trooper (level 5, -4/47 HPs)
             Began as a Hill Orc Fighter on Apr 12, 2023.
             Slain by Natasha (10 damage)
             ... on level 3 of the Dungeon.
             The game lasted 00:06:11 (2484 turns).

Ihaveafatcat the Trooper (Hill Orc Fighter)         Turns: 2484, Time: 00:06:11

Health: -4/47      AC:  8    Str: 21    XL:     5   Next: 61%
Magic:  5/5        EV:  9    Int:  8    God:
Gold:   127        SH:  4    Dex: 10    Spells: 4/4 levels left

rFire   . . .      SeeInvis .    a - +0 war axe
rCold   . . .      Faith    .    c - +0 buckler
rNeg    . . .      Spirit   .    b - +0 scale mail
rPois   .          Reflect  .    l - +0 helmet
rElec   .          Rampage  .    (no cloak)
rCorr   +                        (no gloves)
Will    +....                    (no boots) Stlth
                                 r - amulet of regeneration
HPRegen 1.07/turn                h - ring of willpower
MPRegen 0.09/turn                k - ring of resist corrosion

@: slowed, very slow
A: no striking features
a: no special abilities


You were on level 3 of the Dungeon.
You visited 1 branch of the dungeon, and saw 3 of its levels.

You collected 127 gold pieces.

Inventory:

Hand Weapons
 a - a +0 war axe (weapon)
Armour
 b - a +0 scale mail (worn)
 c - a +0 buckler (worn)
 l - a +0 helmet (worn)
Jewellery
 h - a ring of willpower (left hand)
 j - a ring of wizardry
 k - a ring of resist corrosion (right hand)
 n - a ring of fire
 r - an amulet of regeneration (around neck)
Scrolls
 i - a scroll of identify {unknown}
 m - a scroll of teleportation {unknown}
 p - a scroll of poison {unknown}
 q - a scroll of enchant weapon {unknown}
 t - a scroll of fog {unknown}
 u - a scroll of amnesia
Potions
 d - 4 potions of might
 e - 4 potions of haste {unknown}
 f - a potion of heal wounds {unknown}
 g - a potion of curing {unknown}
 o - 2 potions of brilliance {unknown}
 s - a potion of flight {unknown}


   Skills:
 + Level 4.7 Fighting
 + Level 4.5 Axes
 + Level 4.3 Armour
 + Level 4.4 Shields


You had 4 spell levels left.
You didn't know any spells.
Your spell library contained the following spells:

 Spells                   Type           Power      Damage    Failure   Level
 Summon Small Mammal      Summ           0%         N/A       83%         1
 Call Canine Familiar     Summ           0%         N/A       99%         3
 Ozocubu's Armour         Ice            0%         N/A       99%         3
 Summon Guardian Golem    Hex/Summ       0%         N/A       99%         3
 Ozocubu's Refrigeration  Ice            0%         4d7       100%        7


Dungeon Overview and Level Annotations

Branches:
Dungeon (3/15)

Altars:

Shops:
D:3 (

Annotations:
D:2 1 runed translucent door, Crazy Yiuf
D:3 Natasha


Message History

Natasha's front paws start to glow.
Natasha zaps a wand.
The puff of flame hits you!
You completely miss Natasha.
Natasha is lightly wounded.
You closely miss the cerulean imp. You block the cerulean imp's attack.
Natasha zaps a wand.
The puff of flame hits you.
The cerulean imp hits you with a +1 spear.
Natasha zaps a wand.
The puff of flame hits you but does no damage.
You closely miss Natasha.
Natasha is lightly wounded.
You miss the cerulean imp. The cerulean imp closely misses you.
Natasha zaps a wand.
The puff of flame hits you!
* * * LOW HITPOINT WARNING * * *
The cerulean imp closely misses you.
Natasha mumbles some strange words.
Unknown command.
You barely miss Natasha.
Natasha is lightly wounded.
You closely miss the cerulean imp.
The cerulean imp hits you but does no damage.
You block the cerulean imp's attack.
Natasha mewls in sadness.
Natasha stares at you and mumbles some strange words.
The magic dart hits you.
* * * LOW HITPOINT WARNING * * *
The cerulean imp barely misses you.
The cerulean imp hits you but does no damage.
Natasha claws you.
* * * LOW HITPOINT WARNING * * *
You slash Natasha!
Natasha is severely wounded.
You barely miss the cerulean imp.
The cerulean imp hits you but does no damage. x2
Natasha stares at you and mumbles some strange words.
The magic dart hits you.
* * * LOW HITPOINT WARNING * * *
The cerulean imp hits you but does no damage.
Natasha claws you!
You die...

##################
.................#
################.#
.. #.# ###.#.#
#...5@# .#
.....5.h# ..
###.....# #.####.
#...... #.#...
...#####
###.#.####...#
.........#...#
###.#.##.#...#
....#...<#...#


You could see Natasha (strong) and 2 cerulean imps.

Vanquished Creatures
  Terence (D:3)
  An orc wizard (D:3)
  Natasha (twice) (D:3)
  An adder (D:2)
  A worm (D:2)
  A dart slug (D:1)
  4 orcs (D:3)
  5 endoplasms
  6 giant cockroaches
  5 hobgoblins
  3 jackals (D:1)
  5 kobolds
  3 quokkas (D:1)
  8 ball pythons
  8 bats
  4 frilled lizards
  6 goblins
  A rat (D:2)
65 creatures vanquished.

Notes
Turn   | Place    | Note
-------+----------+-------------------------------------------
     0 | D:1      | Ihaveafatcat the Hill Orc Fighter began the quest for the
                  | Orb.
     0 | D:1      | Reached XP level 1. HP: 19/19 MP: 1/1
    74 | D:1      | Reached XP level 2. HP: 15/27 MP: 2/2
   305 | D:1      | Reached XP level 3. HP: 33/33 MP: 3/3
  1052 | D:2      | Reached XP level 4. HP: 36/40 MP: 4/4
  1103 | D:2      | Found a faded altar of an unknown god.
  1413 | D:2      | Found a runed translucent door.
  1414 | D:2      | Noticed Crazy Yiuf
  2038 | D:3      | Found Neabyd's Weapon Boutique.
  2134 | D:3      | Noticed Natasha
  2148 | D:3      | Killed Natasha
  2149 | D:3      | Reached XP level 5. HP: 37/47 MP: 5/5
  2234 | D:3      | Noticed Natasha
  2240 | D:3      | Killed Natasha
  2382 | D:3      | Noticed Terence
  2389 | D:3      | Killed Terence
  2473 | D:3      | Noticed Natasha
  2484 | D:3      | Slain by Natasha

Illustrated notes

Levels and vault maps discovered:
D:1:      heliophobic_arrival_enchanted_forest, layout_loops_ring
D:2:      layout_basic, dilly_ecumenical_altar_fadedgnrine,
          uniq_crazy_yiuf_cottage
D:3:      kennysheep_goblin_castle, layout_basic, serial_shops, shop,
          patterned_corridor, uniq_terence, uniq_natasha

Skill      XL: |  1  2  3  4 |
---------------+-------------+-----
Axes           | 3 4 |  4.5
Fighting       | 4 |  4.7
Shields        | 4 |  4.4
Armour         | 4 |  4.3

Action                     |  1- 3 |  4- 6 || total
---------------------------+-------+-------++-------
  Melee: War axe           |   110 |   105 ||   215
    Use: Scroll            |     1 |       ||     1
 Armour: Scale mail        |    66 |    65 ||   131
  Dodge: Dodged            |    69 |    39 ||   108
  Block: Buckler           |    31 |    30 ||    61

Table legend: (Time is in decaauts)
 A = Elapsed time spent in this place.
 B = Non-inter-level travel time spent in this place.
 C = Inter-level travel time spent in this place.
 D = Time resting spent in this place.
 E = Time spent auto-exploring this place.
 F = Levels seen in this place.
 G = Mean time per level.
                   A        B        C        D        E       F      G
               +--------+--------+--------+--------+--------+-----+--------+
         Total |   2562 |   2444 |    118 |    112 |   1764 |   3 |  854.0 |
       Dungeon |   2562 |   2444 |    118 |    112 |   1764 |   3 |  854.0 |
               +--------+--------+--------+--------+--------+-----+--------+

Top non-repeatable levels by time:
     D:2: 1107 daAuts
     D:1: 823 daAuts
     D:3: 632 daAuts
